Map: Fields of Shazir

Players

Loken

  • Race: Protoss Protoss
  • League: Platinum
  • Spawn Location: 3:00

Myran

  • Race: Protoss Protoss
  • Spawn Location: 3:00

dallaskuken

  • Race: Protoss Protoss
  • League: Platinum
  • Spawn Location: 5:00

Necromancer

  • Race: Zerg Zerg
  • League: Platinum
  • Spawn Location: 9:00

Raistlin

  • Race: Protoss Protoss
  • Spawn Location: 9:00

diomed

  • Race: Zerg Zerg
  • Spawn Location: 7:00

VOD

Have the link to the VOD?

Description

Time

  • Played on: March 30, 2017, 3:31 p.m.
  • Length: 18:23
Show
View Real Time Build Order
Export as new Build Order

Loken Protoss 

Build Orders: 1 Gate Expand 

Get SALT Encoding   

  12  0:03  Probe (Chrono Boost)  
  14  0:14  Probe (Chrono Boost)  
  14  0:25  Pylon  
  14  0:26  Probe (Chrono Boost)  
  15  0:43  Probe (Chrono Boost)  
  15  0:44  Gateway  
  16  0:51  Pylon  
  16  0:53  Probe (Chrono Boost)  
  17  1:04  Forge  
  17  1:07  Probe (Chrono Boost)  
  18  1:17  Probe (Chrono Boost)  
  19  1:31  Probe (Chrono Boost)  
  20  1:40  Nexus  
  20  1:52  Photon Cannon  
  20  1:59  Probe (Chrono Boost)  
  20  2:00  Pylon  
  21  2:04  Assimilator  
  21  2:19  Cybernetics Core  
  22  2:23  Probe (Chrono Boost)  
  22  2:30  Assimilator  
  22  2:33  Probe (Chrono Boost)  
  23  2:40  Pylon  
  23  2:44  Probe (Chrono Boost)  
  24  2:54  Probe (Chrono Boost)  
  24  2:57  Warp Gate  
  25  3:00  Probe (Chrono Boost)  
  25  3:03  Adept  
  25  3:05  Probe (Chrono Boost)  
  29  3:10  Probe (Chrono Boost)  
  30  3:15  Probe (Chrono Boost)  
  30  3:17  Gateway  
  31  3:21  Probe (Chrono Boost)  
  31  3:23  Gateway  
  32  3:31  Gateway  
  32  3:33  Probe (Chrono Boost)  
  33  3:35  Probe (Chrono Boost)  
  33  3:40  Adept  
  36  3:44  Probe (Chrono Boost)  
  36  3:45  Probe (Chrono Boost)  
  38  3:54  Twilight Council  
  38  3:56  Protoss Ground Weapons Level 1  
  38  3:58  Probe (Chrono Boost)  
  38  4:00  Probe (Chrono Boost)  
  40  4:09  Adept, Probe (Chrono Boost)  
  43  4:10  Probe (Chrono Boost)  
  43  4:16  Gateway  
  44  4:23  Resonating Glaives  
  44  4:25  Gateway  
  44  4:27  Probe (Chrono Boost)  
  44  4:29  Probe (Chrono Boost)  
  44  4:31  Pylon  
  47  4:38  Probe (Chrono Boost)  
  47  4:41  Probe (Chrono Boost)  
  48  4:51  Probe (Chrono Boost)  
  48  4:52  Assimilator  
  50  4:53  Probe (Chrono Boost)  
  50  4:56  Assimilator  
  50  5:01  Photon Cannon  
  50  5:03  Photon Cannon, Probe (Chrono Boost)  
  50  5:05  Probe (Chrono Boost)  
  53  5:15  Probe (Chrono Boost)  
  53  5:17  Probe (Chrono Boost)  
  54  5:22  Adept x3  
  54  5:23  Adept x2  
  54  5:27  Probe (Chrono Boost)  
  66  5:30  Probe (Chrono Boost)  
  66  5:32  Pylon  
  66  5:36  Pylon  
  66  5:40  Pylon  
  66  5:44  Pylon  
  66  5:57  Adept  
  66  5:58  Adept x5  
  76  6:33  Stalker x5  
  76  6:34  Stalker, Charge  
  88  6:42  Photon Cannon  
  88  6:44  Photon Cannon  
  88  6:45  Photon Cannon  
  88  7:15  Pylon  
  88  7:16  Pylon  
  88  7:24  Pylon  
  88  7:25  Pylon  
  88  7:26  Pylon  
  88  7:30  Gateway  
  88  7:33  Gateway  
  88  7:40  Stalker x6  
  100  8:11  Stalker x3  
  100  8:12  Stalker x3  
  112  8:28  Nexus  
  100  8:50  Photon Cannon  
  100  8:52  Photon Cannon  
  100  8:55  Photon Cannon  
  100  8:58  Photon Cannon  
  100  8:59  Photon Cannon  
  100  9:12  Pylon  
  100  9:13  Pylon  
  100  9:19  Blink  
  70  9:31  Stalker  
  70  9:32  Stalker x5  
  70  9:33  Stalker  
  52  9:56  Pylon  
  50  10:07  Stalker x2  
  50  10:08  Stalker x5  
  64  10:23  Pylon  
  64  10:30  Pylon  
  64  10:35  Stalker x3  
  70  10:36  Stalker x3  
  70  10:37  Stalker  
  78  10:47  Pylon  
  76  11:25  Dark Shrine  
  76  11:41  Stalker x4  
  76  11:42  Stalker x3  
  78  13:05  Dark Templar x4  
  42  13:06  Dark Templar x3  
  44  13:45  Dark Templar x3  
  44  13:46  Dark Templar x4  
Show
View Real Time Build Order
Export as new Build Order

Myran Protoss 

Build Orders:  

Get SALT Encoding   

  12  0:03  Probe (Chrono Boost)  
  13  0:13  Probe (Chrono Boost)  
  14  0:22  Pylon  
  14  0:26  Probe (Chrono Boost)  
  15  0:38  Pylon  
  15  0:51  Assimilator  
  15  0:57  Probe (Chrono Boost)  
  16  1:07  Probe (Chrono Boost)  
  17  1:12  Gateway  
  17  1:18  Probe (Chrono Boost)  
  18  1:28  Probe (Chrono Boost)  
  19  1:39  Probe (Chrono Boost)  
  20  1:46  Nexus  
  20  1:50  Probe (Chrono Boost)  
  21  2:00  Probe (Chrono Boost)  
  22  2:02  Assimilator  
  22  2:09  Pylon  
  22  2:17  Probe (Chrono Boost)  
  23  2:27  Zealot, Probe (Chrono Boost)  
  23  2:29  Forge  
  26  2:38  Probe (Chrono Boost)  
  27  2:44  Gateway  
  27  2:48  Probe (Chrono Boost)  
  28  2:54  Cybernetics Core  
  28  2:59  Probe x2 (Chrono Boost)  
  30  3:09  Probe (Chrono Boost)  
  30  3:10  Probe (Chrono Boost)  
  32  3:22  Probe (Chrono Boost)  
  32  3:25  Pylon  
  32  3:26  Warp Gate  
  33  3:32  Probe x2 (Chrono Boost)  
  35  3:36  Assimilator  
  35  3:41  Assimilator  
  35  3:43  Probe (Chrono Boost)  
  35  3:46  Probe (Chrono Boost)  
  37  3:51  Stalker  
  37  3:53  Probe (Chrono Boost)  
  40  4:01  Photon Cannon  
  40  4:04  Probe (Chrono Boost)  
  41  4:14  Protoss Shields Level 1, Probe (Chrono Boost)  
  41  4:15  Stalker, Probe (Chrono Boost)  
  45  4:27  Zealot, Probe (Chrono Boost)  
  48  4:36  Photon Cannon  
  48  4:38  Pylon, Probe (Chrono Boost)  
  49  4:43  Probe (Chrono Boost)  
  49  4:45  Stalker  
  52  4:48  Probe (Chrono Boost)  
  53  4:58  Probe (Chrono Boost)  
  53  4:59  Probe (Chrono Boost)  
  57  5:00  Zealot  
  57  5:10  Probe (Chrono Boost)  
  57  5:13  Pylon  
  58  5:15  Zealot  
  58  5:16  Pylon  
  58  5:19  Stargate  
  60  5:24  Photon Cannon, Probe (Chrono Boost)  
  61  5:36  Gateway  
  61  5:51  Zealot  
  63  6:01  Void Ray  
  67  6:13  Fleet Beacon  
  67  6:16  Probe x2 (Chrono Boost)  
  69  6:20  Stalker  
  69  6:21  Zealot  
  73  6:39  Void Ray  
  73  6:45  Pylon  
  77  6:48  Pylon, Protoss Air Weapons Level 1  
  77  6:53  Pylon  
  77  6:59  Stargate  
  77  7:15  Stalker x2  
  81  7:31  Stalker  
  83  7:39  Pylon  
  83  7:41  Pylon  
  83  7:42  Void Ray  
  83  7:43  Void Ray  
  83  7:48  Pylon  
  79  8:13  Zealot x2  
  79  8:14  Zealot  
  85  8:26  Void Ray x2  
  93  8:49  Nexus  
  93  8:53  Pylon  
  93  8:55  Graviton Catapult  
  93  8:56  Pylon  
  93  9:02  Protoss Air Weapons Level 2  
  93  9:03  Void Ray x2  
  101  9:15  Stargate  
  101  9:40  Void Ray  
  101  9:41  Void Ray  
  85  10:01  Void Ray  
  89  10:13  Assimilator  
  89  10:18  Assimilator, Void Ray x2  
  97  10:44  Void Ray  
  97  10:49  Probe (Chrono Boost)  
  102  10:55  Void Ray x2  
  102  10:59  Probe (Chrono Boost)  
  111  11:10  Probe (Chrono Boost)  
  112  11:18  Protoss Air Armor Level 1  
  112  11:27  Void Ray  
  112  11:32  Void Ray x2  
  94  12:10  Void Ray  
  94  12:12  Phoenix x2  
  94  12:15  Stargate  
  94  12:24  Stalker  
  94  12:26  Zealot  
  94  12:27  Zealot  
  100  12:34  Phoenix x2  
  104  12:47  Carrier x2  
  104  12:48  Anion Pulse-Crystals  
  104  12:53  Phoenix  
  106  13:05  Phoenix  
  120  13:17  Carrier  
  90  13:46  Phoenix  
  92  14:07  Void Ray x2  
  92  14:09  Protoss Air Weapons Level 3  
  92  14:11  Phoenix  
  92  14:14  Zealot  
  92  14:15  Zealot  
  92  14:16  Zealot  
  108  14:36  Void Ray  
  112  14:43  Void Ray  
  112  14:44  Void Ray  
  112  14:45  Void Ray  
  124  14:54  Stalker  
  124  14:56  Stalker  
  128  15:05  Photon Cannon x2  
  128  15:10  Photon Cannon  
  128  15:14  Photon Cannon  
  128  15:16  Photon Cannon  
  128  15:17  Pylon  
  128  15:19  Carrier  
  128  15:20  Pylon  
  134  15:26  Carrier, Pylon  
  140  15:31  Assimilator  
  140  15:37  Assimilator  
  138  15:45  Phoenix x2  
  140  16:07  Phoenix x2  
  140  16:08  Mothership Core (Chrono Boost)  
  134  16:21  Carrier x2  
  110  16:42  Zealot x3  
  122  16:48  Photon Cannon  
  122  16:49  Photon Cannon  
  122  16:52  Phoenix, Photon Cannon  
  122  16:54  Photon Cannon  
  124  16:56  Photon Cannon  
  117  17:17  Phoenix  
  118  17:26  Pylon  
  118  17:28  Pylon  
  114  17:42  Phoenix  
  114  17:43  Phoenix  
Show
View Real Time Build Order
Export as new Build Order

dallaskuken Protoss 

Build Orders:  

Get SALT Encoding   

  12  0:02  Probe (Chrono Boost)  
  13  0:19  Probe (Chrono Boost)  
  14  0:24  Pylon  
  14  0:31  Probe (Chrono Boost)  
  15  0:44  Forge  
  15  0:53  Gateway, Probe (Chrono Boost)  
  16  1:03  Pylon  
  16  1:16  Probe (Chrono Boost)  
  17  1:27  Probe (Chrono Boost)  
  18  1:33  Assimilator  
  18  1:37  Assimilator, Probe (Chrono Boost)  
  19  1:45  Zealot  
  21  1:48  Probe (Chrono Boost)  
  22  1:59  Probe (Chrono Boost)  
  23  2:07  Cybernetics Core  
  23  2:15  Nexus  
  23  2:23  Probe (Chrono Boost)  
  24  2:33  Probe (Chrono Boost)  
  26  2:44  Probe (Chrono Boost)  
  26  2:45  Photon Cannon  
  26  2:48  Photon Cannon  
  26  3:00  Pylon, Probe (Chrono Boost)  
  27  3:10  Probe (Chrono Boost)  
  28  3:17  Warp Gate  
  28  3:20  Photon Cannon  
  28  3:27  Probe (Chrono Boost)  
  29  3:38  Probe (Chrono Boost)  
  29  3:39  Probe (Chrono Boost)  
  31  3:49  Probe (Chrono Boost)  
  31  3:51  Stargate, Probe (Chrono Boost)  
  33  3:59  Probe (Chrono Boost)  
  35  4:03  Probe (Chrono Boost)  
  35  4:05  Gateway  
  35  4:10  Gateway, Probe (Chrono Boost)  
  36  4:19  Gateway  
  36  4:20  Probe (Chrono Boost)  
  36  4:22  Pylon  
  37  4:31  Probe (Chrono Boost)  
  38  4:32  Assimilator  
  38  4:35  Oracle  
  38  4:36  Assimilator  
  41  4:41  Probe (Chrono Boost)  
  41  4:44  Probe (Chrono Boost)  
  43  4:53  Pylon  
  43  4:56  Probe (Chrono Boost)  
  44  5:03  Probe (Chrono Boost)  
  46  5:08  Probe (Chrono Boost)  
  46  5:14  Probe (Chrono Boost)  
  47  5:19  Void Ray  
  51  5:21  Stalker x2  
  51  5:22  Stalker  
  51  5:24  Probe (Chrono Boost)  
  58  5:30  Photon Cannon  
  58  5:35  Probe (Chrono Boost)  
  59  6:11  Stalker x4  
  67  6:21  Pylon  
  67  6:23  Pylon  
  64  6:54  Void Ray  
  64  6:55  Fleet Beacon  
  68  7:02  Pylon  
  68  7:03  Stalker x3  
  68  7:04  Stalker, Pylon  
  67  7:30  Nexus  
  67  7:35  Carrier  
  67  7:38  Photon Cannon  
  67  7:41  Photon Cannon  
  73  8:26  Mothership Core (Chrono Boost)  
  75  8:39  Stalker  
  75  8:40  Stalker x3, Photon Cannon  
  83  8:41  Photon Cannon  
  83  8:45  Photon Cannon, Probe (Chrono Boost)  
  84  8:49  Carrier  
  91  8:55  Probe (Chrono Boost)  
  97  9:06  Probe (Chrono Boost)  
  98  9:12  Stalker x2  
  102  9:34  Probe (Chrono Boost)  
  99  9:42  Stalker  
  99  9:44  Probe (Chrono Boost)  
  102  9:54  Pylon  
  102  9:56  Pylon  
  72  10:33  Stalker x3  
  72  10:34  Stalker  
  80  10:38  Tempest  
  80  10:48  Pylon  
  86  10:50  Protoss Ground Weapons Level 1, Pylon  
  86  10:53  Pylon  
  69  11:34  Stalker x3  
  75  11:40  Probe (Chrono Boost)  
  75  11:42  Carrier  
  76  11:50  Probe (Chrono Boost)  
  84  12:01  Probe (Chrono Boost)  
  84  12:12  Probe (Chrono Boost)  
  74  12:56  Carrier  
  74  12:57  Nexus  
  36  13:41  Stalker  
  32  14:16  Tempest  
  38  15:03  Carrier  
  38  15:21  Mothership Core (Chrono Boost)  
  46  15:34  Probe (Chrono Boost)  
  47  15:44  Probe (Chrono Boost)  
  47  15:55  Probe (Chrono Boost)  
Show
View Real Time Build Order
Export as new Build Order

Necromancer Zerg 

Build Orders: Hatch First 

Get SALT Encoding   

  12  0:10  Drone  
  12  0:11  Drone  
  14  0:18  Overlord  
  14  0:37  Drone x2  
  14  0:39  Extractor  
  15  0:58  Drone  
  15  0:59  Hatchery  
  15  1:09  Drone x2  
  17  1:22  Spawning Pool  
  16  1:26  Drone  
  16  1:30  Drone  
  18  1:37  Drone  
  19  1:48  Overlord  
  19  1:54  Extractor  
  19  2:00  Drone  
  19  2:08  Queen  
  19  2:10  Metabolic Boost  
  19  2:12  Zergling x2  
  22  2:17  Drone  
  23  2:26  Queen  
  23  2:29  Drone  
  26  2:39  Drone  
  27  2:44  Drone  
  27  2:45  Drone  
  27  2:46  Drone  
  30  2:51  Drone  
  31  2:58  Lair  
  31  3:02  Drone  
  32  3:08  Overlord  
  32  3:14  Drone x2  
  34  3:26  Extractor  
  33  3:28  Drone x4, Extractor  
  36  3:37  Zergling x2  
  36  3:38  Zergling x6  
  36  3:40  Zergling x2  
  41  3:50  Overlord  
  41  3:56  Zergling x6  
  41  3:57  Overlord  
  44  4:18  Drone x5, Spire  
  48  4:31  Drone x3  
  48  4:32  Drone x2  
  52  4:52  Overlord x3  
  52  5:10  Overlord  
  52  5:29  Mutalisk  
  52  5:30  Mutalisk x6  
  52  5:31  Mutalisk x4  
  74  5:36  Spore Crawler  
  74  5:40  Spore Crawler  
  72  5:53  Drone  
  72  5:54  Drone  
  74  5:58  Hatchery  
  72  6:20  Mutalisk x5  
  82  6:32  Burrow  
  82  6:45  Mutalisk x2  
  86  6:47  Overlord  
  86  6:50  Drone x4  
  86  6:51  Drone  
  91  7:06  Overlord x2  
  91  7:17  Queen  
  91  7:19  Drone  
  91  7:20  Drone x5  
  99  7:26  Spine Crawler  
  98  7:36  Zerg Flyer Armor Level 1  
  98  7:37  Mutalisk x3  
  98  7:38  Mutalisk  
  106  7:46  Extractor  
  106  7:47  Extractor  
  106  7:48  Mutalisk  
  106  7:50  Zergling x4  
  108  8:01  Mutalisk x2  
  108  8:02  Overlord  
  112  8:13  Overlord x2  
  112  8:41  Mutalisk x4  
  120  8:58  Zergling x6  
  120  8:59  Zergling x10, Overlord  
  128  9:08  Mutalisk x3, Overlord x2  
  128  9:09  Zergling x2  
  119  9:48  Mutalisk x4  
  117  10:05  Drone x7  
  124  10:14  Mutalisk x2  
  123  10:50  Mutalisk x5  
  123  10:51  Mutalisk x2  
  123  10:55  Zergling x10  
  123  10:56  Zergling x8  
  146  11:04  Zerg Flyer Weapons Level 1, Hatchery  
  145  11:15  Mutalisk x3  
  145  11:16  Zergling x2  
  152  11:22  Hatchery  
  151  11:28  Mutalisk  
  151  11:29  Mutalisk  
  151  11:30  Zergling x12  
  155  11:45  Mutalisk x2  
  155  11:46  Zergling x4  
  155  11:47  Zergling x6  
  164  12:18  Mutalisk x2  
  164  12:19  Mutalisk x3  
  164  12:20  Zergling x4  
  170  12:37  Overlord  
  170  12:38  Overlord x4  
  142  13:16  Overlord  
  142  13:17  Overlord x6  
  141  13:35  Hatchery  
  137  13:49  Mutalisk x7  
  137  13:50  Mutalisk x7  
  137  13:51  Mutalisk  
  137  13:52  Zergling x4  
  168  14:21  Pneumatized Carapace  
  168  14:25  Overseer x2  
  168  14:26  Zergling x8  
  168  14:27  Zergling x4  
  168  14:30  Hatchery  
  170  14:40  Drone x18  
  170  14:42  Drone x2  
  170  15:05  Drone x7  
  170  15:06  Drone x6  
  183  15:18  Overlord x4  
  183  15:25  Zerg Flyer Weapons Level 2  
  177  15:47  Hatchery  
  172  16:00  Mutalisk x7  
  172  16:01  Mutalisk x3  
  130  16:30  Mutalisk x3  
  130  16:31  Zergling x2  
  130  16:32  Zergling x14  
  130  16:33  Zergling x4  
  130  16:42  Extractor  
  130  16:45  Extractor  
  130  16:46  Queen, Extractor  
  129  16:47  Queen  
  129  16:48  Extractor  
  130  16:56  Mutalisk  
  130  16:57  Mutalisk  
  130  16:58  Zergling x6  
  136  17:30  Mutalisk x2  
  136  17:31  Zergling x4  
  136  17:32  Zergling x16  
  136  17:33  Zergling x14  
  136  17:34  Zergling x2  
Show
View Real Time Build Order
Export as new Build Order

Raistlin Protoss 

Build Orders: Blink Stalkers 

Get SALT Encoding   

  12  0:15  Pylon, Probe (Chrono Boost)  
  13  0:25  Probe (Chrono Boost)  
  14  0:35  Gateway  
  14  0:48  Probe (Chrono Boost)  
  15  0:52  Assimilator  
  15  0:59  Probe (Chrono Boost)  
  16  1:05  Assimilator  
  16  1:09  Probe (Chrono Boost)  
  17  1:20  Probe (Chrono Boost)  
  18  1:27  Pylon  
  18  1:43  Cybernetics Core  
  18  1:46  Probe (Chrono Boost)  
  19  1:57  Probe (Chrono Boost)  
  20  2:05  Pylon  
  20  2:07  Probe (Chrono Boost)  
  21  2:11  Pylon  
  21  2:18  Probe (Chrono Boost)  
  22  2:24  Twilight Council  
  22  2:29  Warp Gate  
  22  2:38  Gateway x2  
  22  2:45  Stalker  
  22  2:50  Blink  
  24  3:02  Gateway  
  24  3:15  Stalker  
  26  3:48  Nexus  
  26  3:57  Probe (Chrono Boost)  
  26  3:59  Pylon  
  28  4:11  Probe (Chrono Boost)  
  30  4:23  Probe (Chrono Boost)  
  29  4:34  Stalker x3  
  29  4:35  Probe (Chrono Boost)  
  36  4:46  Stalker  
  36  4:47  Probe (Chrono Boost)  
  39  4:57  Forge  
  39  4:59  Probe (Chrono Boost)  
  40  5:01  Probe (Chrono Boost)  
  41  5:12  Probe (Chrono Boost)  
  43  5:15  Probe (Chrono Boost)  
  43  5:17  Stalker  
  45  5:22  Probe (Chrono Boost)  
  45  5:26  Protoss Shields Level 1  
  46  5:30  Robotics Facility  
  46  5:50  Forge  
  46  5:51  Stalker x2  
  46  5:56  Probe (Chrono Boost)  
  45  6:08  Probe (Chrono Boost)  
  45  6:12  Probe (Chrono Boost)  
  45  6:19  Pylon  
  45  6:22  Stalker x2  
  45  6:24  Probe (Chrono Boost)  
  51  6:32  Probe (Chrono Boost)  
  51  6:36  Probe (Chrono Boost)  
  52  6:40  Photon Cannon  
  52  6:45  Probe (Chrono Boost)  
  52  6:49  Probe (Chrono Boost)  
  53  6:55  Stalker x3  
  53  6:57  Probe (Chrono Boost)  
  60  7:02  Protoss Ground Weapons Level 1  
  60  7:08  Probe (Chrono Boost)  
  61  7:13  Stalker  
  63  7:18  Stalker  
  63  7:20  Probe (Chrono Boost)  
  66  7:39  Stalker x3  
  72  8:00  Stalker  
  74  8:19  Probe (Chrono Boost)  
  75  8:29  Pylon  
  75  8:31  Pylon  
  75  8:36  Stalker, Pylon  
  75  8:38  Pylon  
  71  9:27  Stalker  
  71  9:28  Stalker x3  
  53  10:12  Gateway  
  53  10:14  Gateway  
  53  10:15  Gateway  
  53  10:17  Gateway  
  53  10:18  Gateway  
  53  10:25  Stalker x2  
  53  10:26  Stalker x2  
  61  10:35  Protoss Shields Level 2  
  61  10:36  Protoss Ground Weapons Level 2  
  61  10:47  Pylon  
  61  11:18  Stalker x4  
  65  11:19  Stalker x5  
  79  12:17  Stalker  
  79  12:18  Stalker x5  
  79  12:19  Stalker x3  
  97  12:50  Nexus  
  97  12:53  Assimilator  
  97  12:57  Assimilator  
  97  13:08  Stalker  
  97  13:09  Stalker x4  
  85  13:56  Stalker  
  85  13:57  Stalker x3  
  93  14:12  Probe (Chrono Boost)  
  94  14:23  Probe (Chrono Boost)  
  95  14:34  Probe (Chrono Boost)  
  95  14:43  Observer  
  95  14:44  Probe (Chrono Boost)  
  97  14:55  Stalker  
  99  15:03  Assimilator  
  99  15:05  Observer  
  100  15:08  Assimilator  
  98  15:39  Stalker  
  100  15:44  Protoss Ground Weapons Level 3  
  100  16:49  Stalker x2  
  100  16:50  Stalker x2  
  86  18:07  Stalker  
  86  18:08  Stalker x6  
  86  18:09  Stalker x2  
Show
View Real Time Build Order
Export as new Build Order

diomed Zerg 

Build Orders: Hatch First, Swarm Host 

Get SALT Encoding   

  12  0:01  Drone  
  13  0:13  Overlord  
  13  0:19  Drone  
  14  0:45  Hatchery  
  13  0:53  Drone  
  13  0:55  Drone  
  15  1:11  Spawning Pool  
  14  1:12  Drone  
  15  1:19  Drone  
  15  1:22  Drone  
  17  1:28  Extractor  
  17  1:30  Drone  
  17  1:40  Drone  
  18  1:57  Queen  
  18  1:59  Drone x3  
  23  2:03  Queen  
  23  2:08  Drone  
  26  2:20  Drone  
  27  2:29  Overlord  
  27  2:31  Drone  
  27  2:32  Metabolic Boost  
  28  2:46  Queen, Extractor  
  28  2:47  Drone x2  
  28  2:50  Zergling x4  
  33  2:56  Drone x2  
  35  3:05  Drone, Overlord  
  36  3:19  Roach Warren  
  35  3:20  Drone  
  35  3:26  Drone x3  
  35  3:27  Drone x2  
  41  3:41  Drone  
  41  3:42  Overlord x2  
  41  3:46  Extractor  
  41  3:47  Extractor  
  40  3:55  Lair  
  40  3:57  Drone x3  
  40  3:58  Drone  
  44  4:07  Spore Crawler  
  43  4:10  Drone, Spore Crawler  
  43  4:11  Drone  
  43  4:12  Drone  
  45  4:40  Drone x3  
  45  4:41  Drone x3  
  51  4:57  Hatchery  
  50  5:01  Infestation Pit  
  50  5:05  Evolution Chamber  
  50  5:06  Drone x2, Overlord  
  50  5:07  Drone, Evolution Chamber, Overlord  
  50  5:42  Swarm Host  
  50  5:43  Swarm Host x3  
  50  5:44  Swarm Host x4  
  50  5:46  Overlord  
  74  5:59  Zerg Missile Weapons Level 1  
  74  6:01  Zerg Ground Armor Level 1  
  74  6:08  Overlord x2  
  74  6:10  Queen  
  76  6:24  Drone x4  
  76  6:25  Drone x4  
  84  6:28  Extractor  
  83  6:37  Queen  
  83  6:38  Swarm Host x3  
  94  6:41  Overseer  
  94  6:42  Overseer  
  94  6:53  Drone x4  
  94  6:54  Drone  
  99  7:20  Drone x2, Swarm Host  
  104  7:40  Overlord x4, Extractor  
  104  7:41  Drone x3  
  105  8:12  Swarm Host x2  
  105  8:13  Swarm Host x5  
  105  8:14  Swarm Host x3  
  105  8:18  Overlord x2  
  105  8:19  Zerg Missile Weapons Level 2  
  135  8:20  Zerg Ground Armor Level 2  
  135  8:22  Drone x2  
  137  8:52  Overlord x3  
  137  8:53  Overlord x4  
  137  9:06  Hatchery  
  136  9:53  Hatchery  
  136  9:57  Hydralisk Den  
  134  10:03  Drone x5  
  134  10:04  Drone x5, Overlord x2  
  134  10:05  Overlord  
  144  10:25  Overseer  
  144  10:26  Overseer x2  
  144  10:35  Hydralisk x2  
  144  10:36  Hydralisk x6  
  144  10:37  Hydralisk x6  
  144  10:38  Hydralisk x6  
  184  10:49  Muscular Augments  
  184  10:51  Extractor, Hive  
  183  11:25  Extractor  
  182  11:33  Hydralisk x6  
  182  11:34  Hydralisk x3  
  190  12:05  Swarm Host x2  
  190  12:06  Swarm Host  
  199  12:41  Zerg Missile Weapons Level 3, Zerg Ground Armor Level 3  
  159  13:33  Swarm Host x5  
  159  13:34  Swarm Host x2  
  147  13:49  Swarm Host x5  
  147  13:50  Swarm Host x4  
  147  13:54  Queen  
  176  13:56  Queen x2  
  180  14:28  Viper  
  180  14:29  Viper  
  186  14:51  Hydralisk  
  186  14:52  Hydralisk x4  
  192  14:53  Hydralisk x2  
  192  14:56  Overseer x2  
  192  14:57  Overseer  
  200  15:22  Zerg Melee Weapons Level 1  
  200  16:47  Burrow  
Tags
 
Add a new tag
Caveats
  • Supply blocks, unpowered buildings, or Contaminate may cause inaccurate times.
  • Supply counts are checked every 10 seconds.